Map: Blueshift LE

Players

Miharu - Winner!

  • Race: Zerg Zerg
  • League: Master
  • Spawn Location: 7:00

freelift

  • Race: Terran Terran
  • League: Diamond
  • Spawn Location: 1:00

VOD

Have the link to the VOD?

Description

Time

  • Played on: Nov. 16, 2018, 4:59 p.m.
  • Length: 11:29
Show
View Real Time Build Order
Export as new Build Order

Miharu Zerg - Winner!

Build Orders: Hatch First 

Get SALT Encoding   

  12  0:01  Drone  
  13  0:12  Overlord  
  13  0:17  Drone  
  14  0:35  Drone  
  15  0:37  Drone  
  15  0:40  Drone  
  17  0:52  Hatchery  
  16  0:57  Drone  
  16  0:58  Drone  
  18  1:12  Extractor  
  18  1:13  Spawning Pool  
  18  1:16  Drone  
  17  1:19  Drone  
  18  1:29  Drone  
  19  1:39  Overlord  
  19  1:51  Drone  
  20  2:04  Queen, Zergling x2  
  20  2:06  Queen  
  20  2:07  Zergling x2  
  26  2:24  Zergling x2  
  26  2:25  Zergling x2, Drone  
  26  2:26  Drone  
  30  2:35  Metabolic Boost  
  30  2:36  Overlord  
  30  2:37  Drone  
  30  2:44  Queen  
  31  2:45  Queen  
  31  2:46  Overlord  
  35  2:57  Drone  
  36  3:10  Drone x3  
  39  3:13  Hatchery, Drone  
  39  3:17  Drone x2  
  42  3:20  Drone  
  42  3:23  Drone  
  42  3:25  Drone  
  44  3:31  Drone x2  
  45  3:44  Drone x2  
  47  3:51  Zergling x2, Extractor  
  47  3:52  Queen  
  46  4:04  Drone x2  
  46  4:05  Drone, Evolution Chamber  
  46  4:06  Drone, Extractor  
  46  4:07  Drone  
  46  4:08  Drone, Roach Warren  
  46  4:09  Drone  
  50  4:11  Drone  
  51  4:18  Overlord x2  
  51  4:28  Drone x2  
  53  4:32  Zergling x4  
  53  4:34  Drone x2  
  53  4:36  Spore Crawler  
  56  4:42  Queen  
  56  4:44  Drone  
  56  4:45  Drone  
  60  4:46  Zerg Missile Weapons Level 1  
  60  4:47  Spore Crawler  
  60  4:49  Drone x2  
  61  4:53  Spore Crawler  
  61  4:54  Lair  
  61  4:57  Roach  
  61  4:59  Roach  
  64  5:04  Roach x2  
  68  5:08  Roach  
  68  5:11  Roach  
  72  5:14  Overlord  
  72  5:32  Overlord, Roach x2  
  72  5:33  Overlord x2  
  72  5:34  Roach  
  78  5:39  Roach  
  75  5:43  Roach x2  
  75  5:45  Roach  
  81  5:51  Roach x4  
  81  5:52  Roach x2  
  81  5:54  Roach  
  81  5:55  Roach  
  97  6:01  Glial Reconstitution  
  97  6:03  Roach x2  
  101  6:06  Roach  
  103  6:13  Roach  
  103  6:15  Drone  
  106  6:22  Overlord  
  106  6:24  Overlord x2  
  106  6:36  Overlord x3  
  106  6:41  Roach x2  
  106  6:44  Overlord x2  
  106  6:46  Overlord  
  110  6:48  Roach x2  
  110  6:49  Roach x2  
  110  6:52  Roach  
  120  6:58  Roach  
  120  6:59  Roach  
  120  7:00  Roach  
  112  7:01  Roach x2  
  112  7:04  Roach  
  112  7:08  Roach  
  114  7:14  Roach x2  
  112  7:16  Roach  
  112  7:18  Roach x2  
  112  7:19  Roach  
  112  7:20  Roach  
  104  7:25  Drone  
  104  7:28  Drone  
  104  7:29  Drone x2  
  106  7:30  Roach  
  106  7:31  Roach  
  110  7:38  Zerg Ground Armor Level 1  
  110  7:46  Roach x2  
  110  7:48  Drone x3  
  110  7:49  Drone x2  
  119  7:53  Extractor  
  119  7:56  Roach  
  119  7:58  Zergling x2  
  121  8:00  Overseer, Zergling x2  
  122  8:09  Hatchery, Hydralisk Den, Drone x2  
  122  8:11  Drone x3  
  125  8:14  Zergling x4  
  125  8:17  Roach  
  130  8:20  Extractor, Drone  
  130  8:22  Drone  
  130  8:26  Drone x2  
  132  8:29  Drone x3  
  132  8:30  Drone  
  136  8:37  Drone  
  136  8:38  Drone  
  138  8:44  Roach x2  
  138  8:46  Roach x3  
  143  8:52  Drone  
  143  8:53  Queen  
  146  9:04  Hydralisk x3, Muscular Augments  
  146  9:05  Hydralisk  
  146  9:07  Hydralisk  
  156  9:12  Hydralisk  
  156  9:14  Roach  
  156  9:15  Hydralisk  
  162  9:18  Hydralisk  
  162  9:23  Hydralisk, Evolution Chamber  
  165  9:27  Hydralisk x2  
  169  9:31  Hydralisk  
  169  9:33  Hydralisk  
  169  9:34  Zergling x2  
  174  9:40  Hydralisk  
  174  9:43  Hydralisk x2  
  168  9:46  Zergling x2  
  168  9:47  Zergling x8  
  168  9:48  Hydralisk  
  168  9:49  Zergling x2  
  168  9:51  Zergling x2  
  168  9:52  Zergling x2  
  161  9:53  Zergling x2  
  161  9:54  Hydralisk  
  161  9:57  Hydralisk  
  166  10:00  Hydralisk x2  
  166  10:01  Zergling x2  
  166  10:04  Zergling x2  
  166  10:05  Hydralisk  
  166  10:06  Zergling x2  
  175  10:10  Overlord  
  174  10:14  Hydralisk  
  174  10:15  Grooved Spines  
  176  10:25  Overlord x3  
  176  10:31  Hydralisk  
  176  10:32  Zergling x4  
  176  10:33  Zergling x8  
  176  10:34  Zergling x2  
  177  10:36  Hydralisk  
  177  10:37  Hatchery  
  177  10:38  Hydralisk  
  177  10:40  Zergling x2  
  177  10:41  Zergling x2  
  177  10:42  Zergling x2  
  180  10:43  Zergling x2  
  180  10:44  Hydralisk  
  180  10:46  Zergling x2  
  180  10:48  Queen  
  186  10:50  Zergling x2  
  186  10:51  Zergling x2  
  186  10:53  Zergling x2  
  186  10:54  Zergling x2  
  190  10:57  Zergling x2  
  190  10:58  Zergling x2  
  190  10:59  Zergling x4  
  190  11:01  Zergling x4  
  190  11:03  Hydralisk  
  198  11:04  Zergling x2  
  198  11:05  Overlord  
  199  11:12  Zergling x2  
Show
View Real Time Build Order
Export as new Build Order

freelift Terran 

Build Orders: Hellion Opening 

Get SALT Encoding   

  12  0:00  SCV  
  13  0:13  SCV  
  14  0:18  Supply Depot  
  14  0:25  SCV  
  15  0:39  SCV  
  15  0:40  Barracks  
  16  0:44  Refinery  
  16  0:52  SCV  
  16  0:56  Refinery  
  17  1:04  SCV  
  18  1:16  SCV  
  19  1:27  Reaper  
  19  1:30  Supply Depot  
  19  1:31  Orbital Command  
  20  1:46  Factory  
  20  1:56  SCV  
  20  1:59  Barracks Reactor  
  21  2:08  SCV  
  21  2:09  Supply Depot  
  22  2:21  SCV  
  23  2:33  SCV  
  24  2:42  Barracks Tech Lab  
  24  2:43  Hellion x2  
  28  2:45  SCV  
  28  2:49  Supply Depot  
  29  2:55  Command Center  
  28  3:00  SCV  
  28  3:03  Stimpack  
  30  3:12  SCV  
  30  3:14  Hellion  
  30  3:15  Hellion  
  34  3:22  Supply Depot  
  34  3:25  SCV  
  35  3:27  Supply Depot  
  35  3:37  SCV  
  35  3:39  Armory  
  40  3:48  Hellion x2  
  40  3:51  SCV  
  41  4:03  SCV  
  41  4:04  Starport  
  42  4:11  Orbital Command  
  42  4:15  SCV  
  43  4:18  Marauder  
  45  4:27  SCV  
  46  4:34  Cyclone  
  46  4:35  Cyclone  
  52  4:39  SCV  
  52  4:41  SCV  
  53  4:46  Medivac  
  53  4:49  Barracks  
  55  4:55  Barracks  
  55  4:56  SCV x2  
  55  4:59  Marauder  
  59  5:03  Refinery  
  59  5:06  Concussive Shells  
  59  5:12  SCV x2  
  59  5:13  Refinery  
  61  5:17  Supply Depot  
  61  5:20  Supply Depot  
  61  5:24  SCV x2  
  61  5:28  Medivac, Marauder  
  67  5:42  Barracks Tech Lab, Hellbat x2  
  71  5:43  Barracks Reactor  
  71  5:49  Marauder  
  63  6:02  SCV x2  
  63  6:04  Marauder  
  67  6:10  Marauder  
  69  6:12  Command Center  
  69  6:17  Hellbat x2  
  73  6:20  Starport Reactor  
  73  6:22  Marine x2  
  73  6:25  Marauder  
  77  6:32  Marauder  
  79  6:43  Barracks  
  79  6:44  Marine x2, Barracks  
  79  6:46  Marauder  
  83  6:48  SCV  
  83  6:49  SCV  
  85  6:56  Marauder  
  75  7:02  Marine x2  
  75  7:08  Marauder  
  72  7:18  Marauder  
  72  7:20  Medivac  
  72  7:21  Medivac  
  72  7:29  Marauder  
  74  7:35  SCV x2  
  76  7:39  Marauder  
  76  7:43  Engineering Bay  
  78  7:45  Barracks Tech Lab, Engineering Bay  
  78  7:46  Barracks Tech Lab  
  78  7:51  Marauder, SCV  
  80  7:56  Medivac x2  
  85  7:59  Marine x2  
  85  8:01  Marauder  
  89  8:10  Terran Infantry Weapons Level 1  
  89  8:11  Terran Infantry Armor Level 1  
  89  8:12  Marauder  
  91  8:13  Supply Depot x2  
  91  8:14  Planetary Fortress  
  91  8:18  Hellbat x2  
  95  8:22  Marauder  
  95  8:23  SCV x2  
  99  8:30  Marauder  
  101  8:34  Marauder x2  
  101  8:35  Supply Depot, SCV x2  
  101  8:36  Supply Depot  
  107  8:43  Marauder  
  106  8:50  Marine x2  
  106  8:51  Marauder  
  110  8:56  Marauder x2  
  110  8:57  Cyclone x2  
  120  9:05  Marauder  
  120  9:08  Marine  
  123  9:13  Marauder, SCV x2  
  123  9:14  SCV  
  128  9:17  Marauder x2  
  128  9:21  Supply Depot x2  
  132  9:26  SCV  
  133  9:42  Marauder x2  
  133  9:43  Marauder x2  
  96  9:55  Marine x2  
  87  10:00  Barracks  
  87  10:01  Barracks  
  87  10:03  Marauder x2  
  87  10:04  Marauder x2  
  95  10:12  Marine  
  96  10:25  Marauder x3  
  92  10:43  Hellbat x2  
  92  10:44  Marine  
  92  10:45  Marine  
  92  10:46  Marauder x3  
  92  10:47  Marauder  
  106  10:51  Barracks Tech Lab  
  106  10:52  Barracks Tech Lab  
  106  10:56  Command Center, Medivac  
  106  10:57  Medivac  
  110  11:02  Marine x2  
  112  11:04  Hellbat x2  
  112  11:07  Marauder  
  112  11:08  Marauder x2  
  123  11:11  Command Center  
Tags
 
Add a new tag
Caveats
  • Supply blocks, unpowered buildings, or Contaminate may cause inaccurate times.
  • Supply counts are checked every 10 seconds.